 Dungeon Crawl Stone Soup version 0.23.2-1-ga50397a6bc (webtiles) character file.

Game seed: 3175074568244640987

27 Masnef the Vexing (level 2, 0/12 HPs)
             Began as a Felid Enchanter on May 11, 2019.
             Slain by a frilled lizard (3 damage)
             ... on level 2 of the Dungeon on May 12, 2019.
             The game lasted 00:02:21 (2028 turns).

Masnef the Vexing (Felid Enchanter)                 Turns: 2028, Time: 00:02:21

Health: 0/12       AC:  1    Str:  4    XL:     2   Next: 93%
Magic:  4/6        EV: 18    Int: 16    God:
Gold:   60         SH:  0    Dex: 16    Spells: 2/5 levels left
                                        Lives:  0   Deaths: 0

rFire    . . .     SeeInvis +     - Unarmed
rCold    . . .     Gourm    .   (shield unavailable)
rNeg     . . .     Faith    .   (armour unavailable)
rPois    .         Spirit   .   (helmet unavailable)
rElec    .         Reflect  .   (cloak unavailable)
rCorr    .         Harm     .   (gloves unavailable)
MR       .....                  (boots unavailable)
Stlth    +++.......             (no amulet)
HPRegen  0.04/turn              (no ring)
MPRegen  0.10/turn              (no ring)

@: quick
A: very small, no armour, no weapons or thrown items, stealth, claws 1, fangs 3,
see invisible, carnivore, speed 1, shaggy fur 1, slow metabolism 1, sharp paws
a: no special abilities


You were on level 2 of the Dungeon.
You were full.

You visited 1 branch of the dungeon, and saw 2 of its levels.

You collected 60 gold pieces.

Inventory:

Missiles
 g - 17 arrows
Jewellery
 d - a cursed -3 ring of intelligence {unknown}
Scrolls
 c - a scroll of amnesia {unknown}
 e - 2 scrolls of enchant weapon {unknown}
 f - a scroll of immolation {unknown}
Potions
 a - a potion of lignification {unknown}
Comestibles
 b - 3 rations


   Skills:
 * Level 0.7 Fighting
 + Level 2.8 Dodging
 * Level 4.8 Stealth
 + Level 1.2 Unarmed Combat
 + Level 2.0 Spellcasting
 * Level 4.8 Hexes


You had 2 spell levels left.
You knew the following spells:

 Your Spells              Type           Power        Failure   Level  Hunger
a - Corona                Hex            ###....      2%          1    #......
b - Ensorcelled Hibernat  Hex/Ice        #.....       12%         2    ###....

Your spell library contained the following spells:

 Spells                   Type           Power        Failure   Level  Hunger
 Confuse                  Hex            ###.....     9%          3    ###....
 Tukima's Dance           Hex            ###.....     9%          3    ###....
 Dazzling Spray           Conj/Hex       #.....       22%         3    ###....


Dungeon Overview and Level Annotations

Branches:
Dungeon (2/15)

Altars:


Innate Abilities, Weirdness & Mutations

You cannot wear armour.
You are incapable of wielding weapons or throwing items.
Your paws allow you to move quietly. (Stealth)
You have sharp claws.
You have razor-sharp teeth.
You have supernaturally acute eyesight. (SInv)
You are carnivorous and can eat meat at any time.
You cover ground quickly.
You are covered in fur. (AC +1)
You have a slow metabolism.
Your sharp claws are effective at attacking unaware monsters.


Message History

Found an escape hatch in the ceiling.
There is an open door here.
Cast which spell? (? or * to list)
Okay, then.
Cast which spell? (? or * to list)
Aiming: Ensorcelled Hibernation (safe; 12% risk of failure)
Press: ? - help, Shift-Dir - straight line, f - hound
Aim: a hound (hasn't noticed you, chance to defeat MR: 50%)
The hound looks drowsy...
The frilled lizard hisses angrily.
The hound barks!
The hound bites you.
There is an open door here.
You closely miss the hound. Your bite misses the hound. The hound misses you.
The frilled lizard misses you.
You scratch the hound.
The hound is lightly wounded.
The hound bites you.
* * * LOW HITPOINT WARNING * * *
The hound closely misses you. The frilled lizard bites you.
You die...

#...####### ###.# #(#
#(# #+## #####.####
#...# # #........#
#<.... #.#.###[##.#
#......
###.#.##...#.##l......
..............@h......
.#.....)#.##.......
#..##.##.# #......
#..#####.# #.....
#..#####.# #...#
#........# #+##
##.####### #####.#####
#.........########.


You could see a hound and a frilled lizard.

Vanquished Creatures
  2 dart slugs (D:1)
  4 bats (D:1)
  A giant cockroach (D:1)
  3 goblins (D:1)
  4 hobgoblins
  2 jackals (D:2)
  A quokka (D:2)
  3 kobolds
  A rat (D:1)
21 creatures vanquished.

Notes
Turn   | Place    | Note
-------+----------+-------------------------------------------
     0 | D:1      | Masnef the Felid Enchanter began the quest for the Orb.
     0 | D:1      | Reached XP level 1. HP: 7/7 MP: 4/4
   339 | D:1      | Reached XP level 2. HP: 1/12 MP: 6/6
   982 | D:1      | Learned a level 2 spell: Ensorcelled Hibernation
  2028 | D:2      | Slain by a frilled lizard

Action                   || total
-------------------------++-------
Melee: Unarmed           ||    93
       Bite              ||     5
 Cast: Ensorcelled Hiber ||     1
 Stab: Sleeping          ||     8
  Eat: Chunk             ||     7
Armor: Skin              ||     4
Dodge: Dodged            ||    69
